 Dungeon Crawl Stone Soup version 0.25-a0-681-gdf4e720381 (webtiles) character file.

Game seed: 13464611812472276765, levelgen mode: deterministic

28 Flugslaktarn the Covered (level 3, -1/34 HPs)
             Began as a Deep Dwarf Fighter on Mar 30, 2020.
             Slain by a water moccasin (5 damage)
             ... on level 3 of the Dungeon.
             The game lasted 00:00:32 (629 turns).

Flugslaktarn the Covered (Deep Dwarf Fighter)        Turns: 629, Time: 00:00:32

Health: -1/34      AC:  8    Str: 20    XL:     3   Next: 0%
Magic:  3/3        EV:  7    Int:  8    God:
Gold:   17         SH:  9    Dex: 12    Spells: 2/2 levels left

rFire    . . .     SeeInvis .   a - +0 war axe
rCold    . . .     Gourm    .   c - +0 kite shield
rNeg     . . .     Faith    .   b - +0 scale mail
rPois    .         Spirit   .   (no helmet)
rElec    .         Reflect  .   n - +0 cloak
rCorr    .         Harm     .   (no gloves)
MR       .....                  (no boots)
Stlth    ..........             (no amulet)
HPRegen  0.00/turn              (no ring)
MPRegen  0.08/turn              (no ring)

@: lethally poisoned (-1 -> -14), non-regenerating
A: damage resistance, heal wounds, sense surroundings 1, no regeneration
a: Heal Wounds


You were on level 3 of the Dungeon.
You were not hungry.

You visited 1 branch of the dungeon, and saw 3 of its levels.

You collected 17 gold pieces.

Inventory:

Hand Weapons
 a - a +0 war axe (weapon)
Armour
 b - a +0 scale mail (worn)
 c - a +0 kite shield (worn)
 n - a +0 cloak (worn)
   (You found it on level 2 of the Dungeon)
Jewellery
 l - a +3 ring of intelligence {unknown}
   (You found it on level 2 of the Dungeon)
Scrolls
 h - a scroll of noise {unknown}
 i - a scroll of enchant armour {unknown}
 k - a scroll of remove curse {unknown}
 m - a scroll of identify {unknown}
Potions
 d - a potion of might
 g - a potion of haste {unknown}
 j - a potion of flight {unknown}
Comestibles
 e - 4 rations
 f - 16 chunks of flesh


   Skills:
 + Level 3.1 Fighting
 * Level 2.8 Axes
 + Level 3.5 Armour
 + Level 3.5 Shields


You had 2 spell levels left.
You didn't know any spells.
Your spell library was empty.

Dungeon Overview and Level Annotations

Branches:
Dungeon (3/15)

Altars:


Innate Abilities, Weirdness & Mutations

You are resistant to damage.
You can heal yourself by infusing magical energy.
You passively map a small area around you.
You do not regenerate.


Message History

The water moccasin poisons you! You block the water moccasin's attack.
Your shield and scale mail prevent you from hitting the water moccasin.
The water moccasin is lightly wounded.
You feel very sick. The water moccasin bites you!
* * * LOW HITPOINT WARNING * * *
You block the water moccasin's attack.
You are too injured to fight recklessly!
You are too injured to fight recklessly!
You are too injured to fight recklessly!
You are too injured to fight recklessly!
You are too injured to fight recklessly!
You are too injured to fight recklessly!
You are too injured to fight recklessly!
You are too injured to fight recklessly!
You fail to use your ability.
* * * LOW HITPOINT WARNING * * *
You feel very sick. You block the water moccasin's attack.
The water moccasin bites you!
You die...

#.#, #........ #.#.#
#........ , #.#.#
+........ ,
**########.#.#
#........ .......÷.#.#
#........ ##.......#.#
#†....... *
+.......#.# #........
,
#.....÷.#.###(......#
,+.......'..@SK.......
#.....).#.###.##.....
, , #.......#.# #.#
..... #.......#.# #.#
.... , ,#.......#.#
#.. ... + *
#.......#.# #.. ... ,
#.......#.# #...
#.........# ...
######'## ,


You could see a water moccasin and a kobold.

Vanquished Creatures
  An adder (D:2)
  A leopard gecko (D:1)
  A ball python (D:3)
  A bat (D:1)
  2 goblins
  3 hobgoblins
  4 frilled lizards
  7 rats
20 creatures vanquished.

Notes
Turn   | Place    | Note
-------+----------+-------------------------------------------
     0 | D:1      | Flugslaktarn the Deep Dwarf Fighter began the quest for the
                  | Orb.
     0 | D:1      | Reached XP level 1. HP: 20/20 MP: 1/1
   119 | D:1      | Reached XP level 2. HP: 28/28 MP: 2/2
   615 | D:3      | Noticed a water moccasin
   617 | D:3      | Reached XP level 3. HP: 34/34 MP: 3/3
   629 | D:3      | Slain by a water moccasin

Levels and vault maps discovered:
D:1:      giann_horns, layout_basic
D:2:      layout_loops_ring
D:3:      layout_basic, overflow_temple_1_default, chequers_serial_rivers_marsh

Skill      XL: |  1 |
---------------+----+-----
Fighting       | 3 |  3.1
Axes           | |  2.8
Armour         | |  3.5
Shields        | |  3.5

Action                   || total
-------------------------++-------
Melee: War axe           ||    60
Armor: Scale mail        ||    26
Dodge: Dodged            ||    11
Block: Kite shield       ||    31

Table legend:
 A = Non-vault XP
 B = Vault XP
 C = Vault XP percentage of total XP
 D = Non-vault monster count
 E = Vault monster count
 F = Vault count percentage of total count
                 A         B        C        D         E       F
            +---------+---------+-------+---------+---------+-------
      Total |      41 |       0 |   0.0 |      20 |       0 |   0.0
            +---------+---------+-------+---------+---------+-------
        D:1 |      17 |       0 |   0.0 |      12 |       0 |   0.0
        D:2 |      18 |       0 |   0.0 |       4 |       0 |   0.0
        D:3 |       6 |       0 |   0.0 |       4 |       0 |   0.0
            +---------+---------+-------+---------+---------+-------
